 Dungeon Crawl Stone Soup version 0.30-a0-310-g7d6cbdfea6 (webtiles) character file.

Game seed: 4404761970622065206

87 hikkokomori the Caller (level 4, -5/36 HPs)
             Began as a Demigod Summoner on Oct 25, 2022.
             Killed by divine providence
             ... invoked by an orc priest
              (13 damage)
             ... on level 3 of the Dungeon.
             The game lasted 00:07:07 (2159 turns).

hikkokomori the Caller (Demigod Summoner)           Turns: 2159, Time: 00:07:08

Health: -5/36      AC:  2    Str:  9    XL:     4   Next: 7%
Magic:  7/9        EV: 12    Int: 17    God:
Gold:   135        SH:  0    Dex: 18    Spells: 4/6 levels left

rFire   . . .      SeeInvis .    m - +0 broad axe
rCold   . . .      Faith    .    (no shield)
rNeg    . . .      Spirit   .    a - +0 robe
rPois   .          Reflect  .    (no helmet)
rElec   .          Harm     .    (no cloak)
rCorr   .          Rampage  .    (no gloves)
Will    .....                    (no boots)
Stlth   ++........               (no amulet)
HPRegen 0.26/turn                (no ring)
MPRegen 0.11/turn                (no ring)

@: mighty
A: high MP 1, forlorn, divine attributes
a: no special abilities


You were on level 3 of the Dungeon.
You visited 1 branch of the dungeon, and saw 3 of its levels.

You collected 135 gold pieces.

Inventory:

Hand Weapons
 e - a +0 dagger
 j - a +0 long sword
 m - a +0 broad axe (weapon)
Missiles
 d - 6 poisoned darts
Armour
 a - a +0 robe (worn)
Scrolls
 c - a scroll of poison
 f - a scroll of enchant weapon {unknown}
 h - a scroll of vulnerability {unknown}
 i - a scroll of fear {unknown}
 n - a scroll of blinking {unknown}
Potions
 b - a potion of magic
 g - 2 potions of might
 k - 2 potions of mutation {unknown}
 l - a potion of flight
 o - a potion of attraction
 q - a potion of brilliance
 s - a potion of degeneration {unknown}


   Skills:
 + Level 1.8 Fighting
 - Level 1.7 Dodging
 - Level 1.7 Stealth
 - Level 1.7 Spellcasting
 * Level 4.8 Summonings


You had 4 spell levels left.
You knew the following spells:

 Your Spells              Type           Power      Damage    Failure   Level
a - Summon Small Mammal   Summ           72%        N/A       2%          1
b - Necrotise             Necr           4%         1d4       21%         1

Your spell library contained the following spells:

 Spells                   Type           Power      Damage    Failure   Level
 Call Imp                 Summ           18%        N/A       4%          2
 Call Canine Familiar     Summ           18%        N/A       9%          3
 Summon Guardian Golem    Hex/Summ       9%         N/A       22%         3
 Ensorcelled Hibernation  Hex/Ice        2%         N/A       30%         2
 Spider Form              Tmut/Pois      1%         N/A       52%         3
 Vampiric Draining        Necr           1%         2d6       52%         3
 Summon Lightning Spire   Summ/Air       9%         N/A       58%         4
 Anguish                  Hex/Necr       0%         N/A       89%         4
 Agony                    Necr           1%         N/A       99%         5


Dungeon Overview and Level Annotations

Branches:
Dungeon (3/15)


Innate Abilities, Weirdness & Mutations

You have an increased reservoir of magic. (+10% MP)
You shall have no god before yourself.
Your divine heritage dramatically boosts your attributes as you level up.


Message History

The orc priest hits your quokka with a +0 flail!
Your quokka dies!
Your quokka's corpse disappears in a puff of smoke!
The orc priest closely misses you.
The orc priest calls down the wrath of Beogh upon something.
You flicker for a moment.
Casting: Summon Small Mammal (safe; 2% risk of failure)
Confirm with . or Enter, or press ? or * to list all spells.
You swap places.
Something hits your rat.
You flicker back into view.
What are your orders? t - Shout!
Orders for allies: a - Attack new target. r - Retreat! s - Stop attacking. g - Guard the area. f - Follow me.
Anything else - Cancel.
Gang up on whom?
Press: ? - help, Dir - move target, f - orc priest
Aim: an orc priest, wielding a +0 flail and wearing a +0 chain mail (lightly wounded) Attack!
The orc priest invokes the aid of Beogh against you.
Your rat writhes in agony.
Your rat dies!
Your rat's corpse disappears in a puff of smoke!
Casting: Summon Small Mammal (safe; 2% risk of failure)
Confirm with . or Enter, or press ? or * to list all spells.
You swap places.
The orc priest misses your bat.
Your bat completely misses the orc priest.
Casting: Summon Small Mammal (safe; 2% risk of failure)
Confirm with . or Enter, or press ? or * to list all spells.
Your bat closely misses the orc priest.
The orc priest mumbles some strange prayers to Beogh against you.
Your bat writhes in agony!
Your bat dies!
Your bat's corpse disappears in a puff of smoke!
You swap places.
The orc priest invokes the aid of Beogh against you.
Beogh smites you!
You die...

. #. #.......####...........
.##.###+###................######
..................#.##.#...#
..##...................##.##
..†............)..#######.#
#....####.........# #.# ####.#
########.## #.# #.# #.# #.# #.#
#@# ..# #.# #.# ### ####.#### #.#
........##### #.#
##..........####r#
#.####.#.....##o# #. #.#.###.##.#
#. #...# #....# # ###.###.#####.#


You could see an orc priest (ally target) and a friendly quokka (summoned).

Vanquished Creatures
  3 adders
  2 worms
  A dart slug (D:1)
  2 orcs
  2 ball pythons
  4 endoplasms
  2 giant cockroaches
  4 goblins
  2 hobgoblins (D:1)
  3 jackals (D:2)
  3 quokkas
  A bat (D:1)
  4 kobolds
  5 rats
38 creatures vanquished.

Vanquished Creatures (collateral kills)
  A dart slug (D:1)
  2 orcs (D:3)
  An endoplasm (D:1)
  A giant cockroach (D:1)
  A kobold (D:2)
6 creatures vanquished.

Grand Total: 44 creatures vanquished

Notes
Turn   | Place    | Note
-------+----------+-------------------------------------------
     0 | D:1      | hikkokomori the Demigod Summoner began the quest for the
                  | Orb.
     0 | D:1      | Reached XP level 1. HP: 14/14 MP: 5/5
   217 | D:1      | Reached XP level 2. HP: 22/22 MP: 7/7
   253 | D:1      | Reached skill level 4 in Summonings
   463 | D:1      | Reached skill level 1 in Fighting
  1008 | D:2      | Learned a level 1 spell: Necrotise
  1378 | D:2      | Reached XP level 3. HP: 23/28 MP: 8/8
  2058 | D:3      | Reached XP level 4. HP: 33/36 MP: 9/9
  2159 | D:3      | Killed from afar by an orc priest

Illustrated notes

Levels and vault maps discovered:
D:1:      nicolae_arrival_memento_mori, layout_loops_corners
D:2:      layout_loops_cross, minmay_heptomino_d4
D:3:      cheibrodos_pilgrimage, layout_loops_ring, lemuel_doored_altar,
          minmay_between

Skill      XL: |  1  2 |
---------------+-------+-----
Summonings     | 4 |  4.8
Fighting       | 1 |  1.8
Dodging        | |  1.7
Stealth        | |  1.7
Spellcasting   | |  1.7

Action                   |  1- 3 |  4- 6 || total
-------------------------+-------+-------++-------
Melee: Dagger            |    62 |       ||    62
       Broad axe         |    60 |    11 ||    71
       Punch             |     3 |       ||     3
 Cast: Summon Small Mamm |    18 |     7 ||    25
       Necrotise         |     3 |       ||     3
  Use: Scroll            |     6 |       ||     6
       Potion            |     2 |     3 ||     5
 Stab: Sleeping          |     8 |       ||     8
       Invisible         |       |     2 ||     2
Armor: Robe              |    26 |     1 ||    27
Dodge: Dodged            |    78 |    11 ||    89

Table legend: (Time is in decaauts)
 A = Elapsed time spent in this place.
 B = Non-inter-level travel time spent in this place.
 C = Inter-level travel time spent in this place.
 D = Time resting spent in this place.
 E = Time spent auto-exploring this place.
 F = Levels seen in this place.
 G = Mean time per level.
                   A        B        C        D        E       F      G
               +--------+--------+--------+--------+--------+-----+--------+
         Total |   2200 |   2051 |    149 |    128 |   1437 |   3 |  733.3 |
       Dungeon |   2200 |   2051 |    149 |    128 |   1437 |   3 |  733.3 |
               +--------+--------+--------+--------+--------+-----+--------+

Top non-repeatable levels by time:
     D:2: 1041 daAuts
     D:1: 915 daAuts
     D:3: 242 daAuts
